 Dungeon Crawl Stone Soup version 0.25-a0-937-gcfae464cf3 (webtiles) character file.

Game seed: 11681724491764421349, levelgen mode: deterministic

576673 zenki the Slayer (level 27, -4/164 HPs)
             Began as a Vine Stalker Fighter on May 3, 2020.
             Was the Champion of Makhleb.
             Slain by a golden dragon (12 damage)
             ... on level 1 of the Realm of Zot on May 4, 2020.
             The game lasted 04:22:36 (62378 turns).

zenki the Slayer (Vine Stalker Fighter)            Turns: 62378, Time: 04:22:36

Health: -4/164     AC: 43    Str: 34      XL:     27
Magic:  0/33       EV: 12    Int: 19      God:    Makhleb [******]
Gold:   217        SH:  0    Dex: 12 (13) Spells: 26/26 levels left

rFire    + + +     SeeInvis .   a - +9 rapier "Toan" {elec, rElec rF+ Int+4}
rCold    + + +     Gourm    .   f - +2 kite shield
rNeg     + + .     Faith    .   t - +10 gold dragon scales
rPois    +         Spirit   +   N - +2 hat
rElec    +         Reflect  .   y - scarf {rC+ rF+}
rCorr    .         Harm     .   T - +4 pair of gloves of Hosefopn {Str+3}
MR       ++++.                  H - +4 pair of boots "Anyumoor" {rC+ Regen+}
Stlth    ..........             q - amulet of Noon {RegenMP rF+ Int+7 Dex-3}
HPRegen  1.57/turn              n - ring of Nirin {Ice rPois rN++ Str-5 Slay+2}
MPRegen  0.48/turn              K - ring "Exzi" {rC+ MR+ Str+6 Slay+2}

@: confused, lethally poisoned (-4 -> -8), about to teleport, lightly drained
A: fangs 3, regeneration 2, magic shield, antimagic bite, no potion heal 3, rot
immunity
}: 3/15 runes: decaying, serpentine, silver
a: Minor Destruction, Lesser Servant of Makhleb, Major Destruction, Greater
Servant of Makhleb, Renounce Religion


You were on level 1 of the Realm of Zot.
You worshipped Makhleb.
Makhleb was exalted by your worship.
You were very full.

You visited 11 branches of the dungeon, and saw 49 of its levels.
You also visited: Ice Cave and Volcano.

You collected 7832 gold pieces.
You spent 7615 gold pieces at shops.

Inventory:

Hand Weapons
 a - the +9 rapier "Toan" (weapon) {elec, rElec rF+ Int+4}
   (You bought it in a shop on level 2 of the Orcish Mines)

   Occasionally, upon striking a foe, it will discharge some electrical energy
   and cause terrible harm.
   It affects your intelligence (+4).
   It protects you from fire.
   It insulates you from electricity.
Missiles
 v - 6 javelins
 x - 20 atropa-tipped darts
 C - 11 curare-tipped darts
 E - 125 poisoned darts (quivered)
 O - 4 throwing nets
Armour
 f - a +2 kite shield (worn)
 t - +10 gold dragon scales (worn)
 y - a scarf of resistance (worn)
 H - the +4 pair of boots "Anyumoor" (worn) {rC+ Regen+}
   (You found it on level 3 of the Elven Halls)

   It protects you from cold.
   It increases your rate of regeneration.
 N - a +2 hat (worn)
 Q - a +1 cloak of invisibility
 T - the +4 pair of gloves of Hosefopn (worn) {Str+3}
   (You found it on level 3 of the Elven Halls)

   It affects your strength (+3).
Jewellery
 n - the ring of Nirin (left hand) {Ice rPois rN++ Str-5 Slay+2}
   (You found it on level 5 of the Vaults)

   [ring of ice]

   It enhances your ice magic.
   It affects your strength (-5).
   It affects your accuracy and damage with ranged weapons and melee attacks
   (+2).
   It makes you vulnerable to fire.
   It protects you from cold.
   It protects you from poison.
   It greatly protects you from negative energy.
 q - the amulet of Noon (around neck) {RegenMP rF+ Int+7 Dex-3}
   (You bought it in a shop on level 1 of the Orcish Mines)

   [amulet of magic regeneration]

   It increases your magic regeneration.
   It affects your intelligence (+7).
   It affects your dexterity (-3).
   It protects you from fire.
 u - an uncursed ring of magical power
 K - the ring "Exzi" (right hand) {rC+ MR+ Str+6 Slay+2}
   (You found it on level 3 of the Crypt)

   [ring of protection from magic]

   It affects your strength (+6).
   It affects your accuracy and damage with ranged weapons and melee attacks
   (+2).
   It protects you from cold.
   It affects your resistance to hostile enchantments.
 P - an uncursed ring of see invisible
 V - the ring of Eryuj {+Inv rPois Str+2 Int+4 Dex+3 Slay+3}
   (You took it off a deep elf annihilator on level 5 of the Vaults)

   [ring of strength]

   It affects your strength (+2).
   It affects your intelligence (+4).
   It affects your dexterity (+3).
   It affects your accuracy and damage with ranged weapons and melee attacks
   (+3).
   It protects you from poison.
   It lets you turn invisible.
Wands
 m - a wand of disintegration (38)
 o - a wand of iceblast (19)
 s - a wand of clouds (7)
 z - a wand of digging (7)
 B - a wand of acid (28)
 M - a wand of enslavement (19)
 S - a wand of paralysis (28)
 W - a wand of scattershot (17)
Scrolls
 g - 7 scrolls of immolation
 l - 11 scrolls of magic mapping
 r - 12 scrolls of identify {@r1}
 w - 3 scrolls of holy word
 G - a scroll of fear
 J - 2 scrolls of summoning
 L - 2 scrolls of fog
 Y - 15 scrolls of teleportation
 Z - 8 scrolls of blinking
Potions
 d - 6 potions of might
 i - 17 potions of curing {@q1}
 j - a potion of invisibility
 k - 3 potions of mutation
 A - 7 potions of haste
 D - 11 potions of lignification
 F - 7 potions of ambrosia
 I - 2 potions of magic
 R - 3 potions of cancellation
 U - 6 potions of resistance
Miscellaneous
 b - 2 phantom mirrors
 e - a phial of floods
 h - a lightning rod (4/4)
 p - a box of beasts
Comestibles
 c - 59 rations


   Skills:
 * Level 23.2(23.1) Fighting
 - Level 14.0(13.9) Short Blades
 + Level 15.5 Armour
 - Level 11.0(10.9) Dodging
 - Level 9.0(8.9) Stealth
 + Level 21.4(21.3) Shields
 + Level 12.2(12.1) Invocations
 - Level 9.0(8.9) Evocations


You had 26 spell levels left.
You didn't know any spells.
Your spell library contained the following spells:

 Spells                   Type           Power        Failure   Level  Hunger
 Animate Skeleton         Necr           N/A          93%         1    ##.....
 Apportation              Tloc           #.....       93%         1    ##.....
 Corona                   Hex            #......      93%         1    ##.....
 Foxfire                  Conj/Fire      #...         93%         1    ##.....
 Magic Dart               Conj           #...         93%         1    ##.....
 Pain                     Necr           #...         93%         1    ##.....
 Shock                    Conj/Air       #...         93%         1    ##.....
 Sting                    Tmut/Pois      #...         93%         1    ##.....
 Summon Butterflies       Summ           #.......     93%         1    ##.....
 Summon Small Mammal      Summ           #...         93%         1    ##.....
 Blink                    Tloc           N/A          98%         2    ###....
 Call Imp                 Summ           #.......     98%         2    ###....
 Corpse Rot               Necr/Air       N/A          98%         2    ###....
 Ensorcelled Hibernation  Hex/Ice        #.....       98%         2    ###....
 Passwall                 Tmut/Erth      #.......     98%         2    ###....
 Poisonous Vapours        Pois/Air       #.....       98%         2    ###....
 Searing Ray              Conj           #.....       98%         2    ###....
 Slow                     Hex            #.......     98%         2    ###....
 Swiftness                Chrm/Air       #.......     98%         2    ###....
 Call Canine Familiar     Summ           #.......     100%        3    ####...
 Confusing Touch          Hex            #.......     100%        3    ####...
 Conjure Flame            Conj/Fire      #.......     100%        3    ####...
 Dazzling Flash           Conj/Hex       #.....       100%        3    ####...
 Frozen Ramparts          Ice            #.....       100%        3    ####...
 Gell's Gravitas          Tloc           #.........   100%        3    ####...
 Ignite Poison            Fire/Tmut/Pois #.......     100%        3    ####...
 Inner Flame              Hex/Fire       #.......     100%        3    ####...
 Lesser Beckoning         Tloc           #.........   100%        3    ####...
 Mephitic Cloud           Conj/Pois/Air  #.......     100%        3    ####...
 Ozocubu's Armour         Chrm/Ice       #.......     100%        3    ####...
 Portal Projectile        Hex/Tloc       #.....       100%        3    ####...
 Recall                   Summ/Tloc      N/A          100%        3    ####...
 Spider Form              Tmut/Pois      #.........   100%        3    ####...
 Static Discharge         Conj/Air       #.......     100%        3    ####...
 Stone Arrow              Conj/Erth      #.....       100%        3    ####...
 Summon Guardian Golem    Hex/Summ       #.......     100%        3    ####...
 Tukima's Dance           Hex            #.......     100%        3    ####...
 Vampiric Draining        Necr           #.........   100%        3    ####...
 Airstrike                Air            #.........   100%        4    #####..
 Animate Dead             Necr           N/A          100%        4    #####..
 Cause Fear               Hex            #.........   100%        4    #####..
 Fulminant Prism          Conj/Hex       #.........   100%        4    #####..
 Ice Form                 Ice/Tmut       #.......     100%        4    #####..
 Iskenderun's Mystic Bla  Conj/Tloc      #.......     100%        4    #####..
 Leda's Liquefaction      Hex/Erth       #.........   100%        4    #####..
 Olgreb's Toxic Radiance  Pois           #.......     100%        4    #####..
 Passage of Golubria      Tloc           N/A          100%        4    #####..
 Petrify                  Tmut/Erth      #.......     100%        4    #####..
 Summon Ice Beast         Ice/Summ       #.......     100%        4    #####..
 Summon Lightning Spire   Summ/Air       #.......     100%        4    #####..
 Agony                    Necr           #.......     100%        5    ######.
 Alistair's Intoxication  Tmut/Pois      #.......     100%        5    ######.
 Aura of Abjuration       Summ           #.........   100%        5    ######.
 Borgnjor's Vile Clutch   Necr/Erth      #.........   100%        5    ######.
 Lee's Rapid Deconstruct  Erth           #.........   100%        5    ######.
 Lightning Bolt           Conj/Air       #.........   100%        5    ######.
 Metabolic Englaciation   Hex/Ice        #.........   100%        5    ######.
 Silence                  Hex/Air        #.........   100%        5    ######.
 Summon Demon             Summ           #.........   100%        5    ######.
 Summon Forest            Summ/Tloc      #.........   100%        5    ######.
 Summon Mana Viper        Hex/Summ       #.......     100%        5    ######.
 Yara's Violent Unravell  Hex/Tmut       #.........   100%        5    ######.
 Darkness                 Hex            #.........   100%        6    #######
 Eringya's Noxious Bog    Tmut/Pois      #.........   100%        6    #######
 Freezing Cloud           Conj/Ice/Air   #.........   100%        6    #######
 Hydra Form               Tmut           #.........   100%        6    #######
 Invisibility             Hex            #.......     100%        6    #######
 Ozocubu's Refrigeration  Ice            #.........   100%        6    #######
 Shadow Creatures         Summ           N/A          100%        6    #######
 Simulacrum               Ice/Necr       #.........   100%        6    #######
 Summon Hydra             Summ           #.........   100%        7    #######
 Discord                  Hex            #.........   100%        8    #######
 Ignition                 Fire           #.........   100%        8    #######
 Shatter                  Erth           #.........   100%        9    #######
 Tornado                  Air            #.........   100%        9    #######


Dungeon Overview and Level Annotations

Branches:
Dungeon (15/15)            Temple (1/1) D:4            Lair (6/6) D:11
  Swamp (4/4) Lair:3        Snake (4/4) Lair:2        Slime (0/5) Lair:6
    Orc (2/2) D:10            Elf (3/3) Orc:2        Vaults (5/5) D:13
  Crypt (3/3) Vaults:2       Tomb (0/3) Crypt:3      Depths (5/5) D:15
    Zot (1/5) Depths:5      IceCv (visited)         Volcano (visited)

Altars:
Ashenzari
Cheibriados
Dithmenos
Elyvilon
Fedhas
Gozag
Hepliaklqana
Kikubaaqudgha
Makhleb
Nemelex Xobeh
Okawaru
Qazlal
Ru
Sif Muna
Trog
Uskayaw
Vehumet
Wu Jian
Xom
Yredelemnul
Zin
The Shining One
Beogh
Jiyva

Shops:
D:5 *[   D:6 *   D:10 [   D:15 [   Orc:1 =   Orc:2 }!}?!!(*   Elf:1 }==
Elf:2 :   Vaults:3 [   Vaults:5 %%!   Depths:5 =*

Portals:
Hell: Depths:1 Depths:2 Depths:3 Depths:4 Depths:5
Abyss: Snake:1 Depths:1 Depths:2 Depths:4
Pandemonium: Depths:3 Depths:4
Ziggurat: Depths:1

Annotations:
Snake:1 2 transporters, Flugkiller's ghost, adept DsWr
Depths:4 2 transporters
Zot:1 1 transporter


Innate Abilities, Weirdness & Mutations

You have razor-sharp teeth.
You heal very quickly.
When hurt, damage is shared between your health and your magic reserves.
Your bite disrupts and absorbs the magic of your enemies.
Potions cannot restore your health.
You are immune to rotting.


Message History

You feel you are being watched by something.
You feel your power leaking away.
The golden dragon bites you but does no damage.
You block the golden dragon's attack. x2; The storm dragon bites your balrug!
Your balrug dies!
The golden dragon closely misses you. The golden dragon claws you.
* * * LOW HITPOINT WARNING * * *
The golden dragon tramples you but does no damage.
You feel you are being watched by something.
You feel your power leaking away.
Something hits you but does no damage. x2
Something stings you but does no damage.
You are confused.
Your system rejects the healing.
You feel invigorated.
You feel very sick. The golden dragon bites you!
* * * LOW HITPOINT WARNING * * *
The golden dragon claws you but does no damage.
The golden dragon barely misses you. The golden dragon bites you!
You die...

#.........#######.#..### #.≈≈#
#.#########.....#......###.≈≈#
#.##©[.......#..##.....#.).≈≈#
#.##........ ##..##........≈≈####
##.###)$...###..†.##.......≈≈≈≈≈#
##..#:$..D##...D..#.#...#.≈≈≈≈≈#
#©.#[$....#...D©†#©......≈≈≈≈≈#
##..#)$.).##.DDDDD#....##.≈≈≈≈≈#
##.###!$...###..@{##...###.≈≈≈≈≈#
#.##.......D###D.##........≈≈≈≈≈#
#.##.........#..##..#......≈≈≈≈≈#
#.#########..D..#..........≈≈≈≈≈#
#.........#######...######.≈≈≈≈≈#
######.............### #.≈≈≈≈≈#
#....########...## #.≈≈≈≈≈#
###.......# #......####.≈≈≈≈≈#
##.###.....###........##.≈≈≈≈≈#


You could see 2 shadow dragons, 4 golden dragons and 3 storm dragons.

Vanquished Creatures
  2 ancient liches
  Sojobo (Depths:1)
  A caustic shrike (Depths:2)
  2 curse toes
  6 golden dragons
  A bone dragon (Crypt:3)
  An electric golem (Zot:1)
  Rupert (D:14)
  8 tentacled monstrosities
  5 titans
  3 deep elf blademasters
  7 liches
  A deep elf master archer (Elf:3)
  Gastronok (D:8)
  A death cob (Zot:1)
  2 quicksilver dragons
  8 ancient champions
  10 storm dragons
  11 sphinxes
  7 shadow dragons
  A thorn hunter (Swamp:4)
  2 revenants
  11 tengu reavers
  8 nagarajas
  Roxanne (Snake:3)
  A draconian monk (Zot:1)
  10 vault wardens
  10 deep elf sorcerers
  5 frost giants
  2 iron dragons
  A ghost moth (Zot:1)
  A balrug (Depths:2)
  A juggernaut zombie (Depths:2)
  7 fire giants
  3 draconian scorchers
  Aizul (Depths:3)
  8 deep elf elementalists
  8 ghouls (Crypt:2)
  17 very ugly things
  13 ironheart preservers
  3 draconian annihilators
  A curse skull (Crypt:3)
  A spriggan defender (Depths:3)
  14 stone giants
  A caustic shrike skeleton (Crypt:3)
  6 vampire knights
  An entropy weaver (Vaults:2)
  14 deep elf annihilators
  A purple draconian (Zot:1)
  A yellow draconian (Zot:1)
  4 black draconians
  9 deep elf demonologists
  A spark wasp (Depths:5)
  A dire elephant (shapeshifter) (Vaults:5)
  A red draconian (Zot:1)
  The ghost of bmj180 the Thaumaturge, a journeyman DrCj of Sif Muna (Lair:1)
  15 ettins
  A blizzard demon (Depths:3)
  8 deep elf death magi
  11 fire dragons
  18 jiangshi
  12 yaktaur captains
  An eidolon (Crypt:1)
  A quicksilver dragon zombie (Crypt:2)
  7 deep elf high priests
  The ghost of emiel the Cleaver, a journeyman DDFi of Makhleb (Lair:1)
  Erolcha (D:12)
  7 great orbs of eyes
  7 naga warriors
  6 rakshasas
  6 death knights
  9 centaur warriors
  2 spriggan air magi (Depths:3)
  8 ice dragons
  30 vault guards
  A ghost crab (Swamp:4)
  30 hydras
  3 shambling mangroves
  11 anacondas
  11 death yaks
  39 two-headed ogres
  12 vampire magi
  A queen ant (Lair:2)
  8 deep troll shamans
  24 dancing weapons
  15 alligators
  18 ogre magi
  12 naga sharpshooters
  4 tengu warriors
  An orc high priest (Depths:5)
  5 shock serpents (Snake:4)
  11 deep troll earth magi
  3 spriggan berserkers
  A shock serpent (shapeshifter) (Vaults:5)
  22 deep elf knights
  24 hell knights
  2 sun demons (Depths:2)
  7 titan skeletons (Crypt:3)
  2 salamander mystics
  3 unseen horrors
  23 skeletal warriors
  2 shadow wraiths (Crypt:3)
  A fire crab (Lair:3)
  A death drake (shapeshifter) (Vaults:5)
  A glowing orange brain (Depths:5)
  3 iron trolls
  3 spriggan druids
  8 flayed ghosts
  A storm dragon skeleton (Crypt:3)
  An unseen horror (shapeshifter) (Elf:1)
  A sea snake (shapeshifter) (Depths:3)
  A glowing orange brain (shapeshifter) (Vaults:5)
  21 deep trolls
  9 swamp dragons
  4 wizards
  5 naga ritualists (Snake:4)
  A deep troll (shapeshifter) (D:12)
  17 deep elf archers
  10 phantasmal warriors
  An anaconda skeleton (Crypt:3)
  8 ironbrand convokers
  A harpy (Vaults:2)
  13 necromancers
  A shining eye (shapeshifter) (Depths:5)
  6 mana vipers
  62 ugly things
  16 orc knights
  2 shadow dragon skeletons (Crypt:3)
  A stone giant zombie (Crypt:3)
  62 deep elf magi
  6 oklob plants
  6 cyclopes
  A faun (shapeshifter) (Vaults:3)
  11 orc sorcerers
  3 wolf spiders
  2 manticores
  2 tengu skeletons
  A frost giant zombie (Crypt:2)
  3 moths of wrath (Zot:1)
  A manticore (shapeshifter) (D:15)
  9 salamanders
  A frost giant skeleton (Crypt:3)
  A guardian serpent (shapeshifter) (D:15)
  14 guardian serpents
  29 black mambas
  A stone giant skeleton (Crypt:3)
  14 naga magi
  A spiny frog (shapeshifter) (Depths:5)
  A fire giant skeleton (Crypt:3)
  An eye of devastation (shapeshifter) (Depths:3)
  2 torpor snails
  An elephant (D:11)
  2 orange demons (Depths:3)
  Psyche (D:9)
  20 spiny frogs
  2 molten gargoyles (Volcano)
  8 vault sentinels
  A water nymph (shapeshifter) (Depths:2)
  A gargoyle (D:14)
  3 ice statues (IceCv)
  A rime drake (Lair:5)
  A death yak zombie (Crypt:2)
  A minotaur zombie (Crypt:2)
  32 yaktaurs
  A red draconian zombie (Crypt:3)
  A white draconian zombie (Crypt:2)
  8 freezing wraiths
  2 human zombies (Vaults:4)
  A minotaur skeleton (Crypt:3)
  A black draconian zombie (Crypt:3)
  A rime drake (shapeshifter) (Vaults:4)
  13 komodo dragons
  A komodo dragon (shapeshifter) (Vaults:3)
  2 dire elephant skeletons (Crypt:3)
  A green draconian skeleton (Crypt:2)
  A spriggan skeleton (Depths:2)
  An ice devil (Depths:3)
  A red devil (Depths:3)
  2 tengu conjurers (Depths:2)
  A human skeleton (Vaults:5)
  A jumping spider (shapeshifter) (Vaults:4)
  10 trolls
  3 polar bears
  8 tyrant leeches
  17 hornets
  A harpy skeleton (Crypt:1)
  9 bog bodies
  5 dream sheep
  42 slime creatures
  A fire giant simulacrum (Depths:2)
  8 hippogriffs
  An ettin zombie (Vaults:4)
  A guardian serpent skeleton (Crypt:1)
  A redback (shapeshifter) (D:13)
  2 air elementals
  An alligator skeleton (Crypt:3)
  An ettin skeleton (Vaults:5)
  5 flying skulls
  A tarantella (Vaults:2)
  A spriggan (shapeshifter) (Vaults:4)
  A tarantella (shapeshifter) (Vaults:3)
  2 ice dragon skeletons (Crypt:3)
  10 redbacks
  3 water elementals
  2 wyverns
  5 wraiths
  A shadow (Crypt:1)
  3 vampires
  An elf zombie (Depths:2)
  A yak (shapeshifter) (Vaults:3)
  3 fire bats
  A fire dragon skeleton (Crypt:3)
  6 spriggans
  14 humans
  Grum (D:8)
  A satyr skeleton (Crypt:3)
  2 fire elementals
  21 yaks
  A basilisk (shapeshifter) (Vaults:5)
  A chaos spawn (Depths:3)
  6 basilisks
  32 vampire mosquitoes
  4 wargs
  14 swamp worms
  40 nagas
  A two-headed ogre zombie (Crypt:1)
  An acid dragon (shapeshifter) (Vaults:5)
  A naga (shapeshifter) (Vaults:5)
  6 soldier ants
  11 water moccasins
  9 insubstantial wisps
  A floating eye (Depths:5)
  A deep troll zombie (Crypt:2)
  5 porcupines
  A deep troll skeleton (Crypt:3)
  3 black bears
  12 swamp drakes
  An eye of draining (D:13)
  8 ice beasts
  4 sky beasts
  3 necrophages
  3 phantoms
  A black bear (shapeshifter) (Depths:4)
  27 orc warriors
  40 ogres
  An ogre (shapeshifter) (Vaults:4)
  A tengu (shapeshifter) (Vaults:3)
  11 boggarts
  A manticore skeleton (Crypt:3)
  A swamp dragon skeleton (Crypt:3)
  9 centaurs
  11 crocodiles
  59 wolves
  A yaktaur zombie (Crypt:2)
  A big kobold (D:10)
  A gnoll sergeant (D:10)
  17 bullfrogs
  3 earth elementals
  A wyvern zombie (D:8)
  A water moccasin zombie (D:6)
  A glowing shapeshifter simulacrum (Vaults:3)
  2 wyvern skeletons
  9 scorpions
  7 killer bees
  A raiju skeleton (Crypt:3)
  14 howler monkeys
  25 wights
  A howler monkey (shapeshifter) (Vaults:2)
  7 lava snakes (Volcano)
  2 electric eels
  2 bullfrog zombies
  12 crimson imps
  2 centaur zombies
  A jelly (D:4)
  3 quasits
  2 iron imps (Depths:3)
  A hound (shapeshifter) (Depths:2)
  10 hounds
  6 centaur skeletons
  9 orc priests
  2 bullfrog skeletons
  29 orc wizards
  A demonspawn skeleton (Crypt:1)
  28 worker ants
  5 iguanas
  A killer bee zombie (D:7)
  2 acid dragon zombies
  A hound zombie (Crypt:1)
  A big kobold skeleton (Crypt:1)
  9 gnolls
  13 adders
  A scorpion zombie (Crypt:1)
  2 worker ant zombies
  4 shadow imps
  13 white imps
  An ufetubus (Depths:3)
  2 oozes (D:2)
  3 worms
  2 dart slugs
  5 leopard geckos
  84 orcs
  3 bats
  7 giant cockroaches
  10 goblins
  10 hobgoblins
  10 jackals
  7 kobolds
  4 quokkas
  A ball python (D:2)
  5 frilled lizards
  An orc zombie (Crypt:1)
  6 rats
  2 crawling corpses (Elf:3)
  4 plants (Lair:4)
2128 creatures vanquished.

Vanquished Creatures (collateral kills)
  A golden dragon (Vaults:5)
  A shadow dragon (Zot:1)
  2 nagarajas (Snake:4)
  A very ugly thing (Vaults:5)
  A catoblepas (D:9)
  A naga warrior (Snake:4)
  4 anacondas (Snake:4)
  Erica (Lair:2)
  Urug (D:13)
  2 naga sharpshooters (Snake:4)
  A naga ritualist (Snake:4)
  An orc sorcerer (Orc:2)
  A moth of wrath (Zot:1)
  3 guardian serpents
  A naga mage (Snake:4)
  A black mamba (Lair:2)
  A troll (D:13)
  A hippogriff (Lair:2)
  A fire bat (Lair:2)
  2 humans
  6 nagas (Snake:4)
  2 soldier ants
  2 ogres
  A bullfrog (D:13)
  An orc wizard (Orc:2)
  8 worker ants (Lair:2)
48 creatures vanquished.

Vanquished Creatures (others)
  A hell knight (Depths:2)
  A deep elf knight (Vaults:2)
  A deep elf mage (Elf:2)
  A swamp worm (Swamp:4)
  A naga (Snake:4)
  3 orc wizards (Orc:2)
  2 briar patches (Swamp:4)
  11 bushes
  5 fungi
  11 plants
37 creatures vanquished.

Grand Total: 2213 creatures vanquished

Notes
Turn   | Place    | Note
-------+----------+-------------------------------------------
     0 | D:1      | zenki the Vine Stalker Fighter began the quest for the Orb.
     0 | D:1      | Reached XP level 1. HP: 11/11 MP: 2/2
   184 | D:1      | Reached XP level 2. HP: 16/16 MP: 1/3
   534 | D:2      | Reached XP level 3. HP: 19/19 MP: 4/4
   558 | D:1      | Reached skill level 3 in Fighting
  1134 | D:2      | Gained mutation: Your natural rate of healing is unusually
                  | fast. [Vine Stalker growth]
  1134 | D:2      | Reached XP level 4. HP: 19/24 MP: 2/5
  1717 | D:3      | Reached XP level 5. HP: 28/28 MP: 6/6
  2618 | D:4      | Found a staircase to the Ecumenical Temple.
  2627 | Temple   | Entered the Ecumenical Temple
  2634 | Temple   | Became a worshipper of Makhleb the Destroyer
  2742 | D:4      | Reached XP level 6. HP: 32/32 MP: 7/7
  2874 | D:4      | Noticed a phantom
  2911 | D:4      | Killed a phantom
  3191 | D:5      | Entered Level 5 of the Dungeon
  3191 | D:5      | Found Smannog's Superlative Supplies.
  3243 | D:4      | Reached XP level 7. HP: 7/37 MP: 8/8
  3328 | D:5      | Reached skill level 4 in Fighting
  3582 | D:5      | Reached * piety under Makhleb
  3704 | D:5      | Found a sand-covered staircase.
  3771 | D:5      | Reached skill level 5 in Short Blades
  4062 | D:5      | Found Puilouj's Armour Shop.
  4227 | D:5      | Gained mutation: You have razor-sharp teeth. [Vine Stalker
                  | growth]
  4227 | D:5      | Reached XP level 8. HP: 23/42 MP: 5/9
  4511 | D:6      | Found Raqaxen's Wicked Wares.
  4512 | D:6      | Found a burning altar of Makhleb.
  4598 | D:6      | Reached skill level 5 in Fighting
  4685 | D:6      | Reached skill level 5 in Shields
  5084 | D:7      | Reached ** piety under Makhleb
  5121 | D:6      | Reached XP level 9. HP: 47/47 MP: 10/10
  5256 | D:6      | Reached skill level 5 in Armour
  5354 | D:7      | Reached skill level 1 in Stealth
  5709 | D:7      | Found a sacrificial altar of Ru.
  5709 | D:7      | Found a blossoming altar of Fedhas.
  5762 | D:7      | Reached skill level 6 in Fighting
  5949 | D:8      | Noticed Grum
  5971 | D:8      | Killed Grum
  5971 | D:8      | Reached skill level 1 in Evocations
  5981 | D:8      | Reached skill level 1 in Invocations
  6000 | D:8      | Noticed Gastronok
  6102 | D:8      | Reached XP level 10. HP: 53/53 MP: 12/12
  6115 | D:8      | Got a tattered robe
  6158 | D:8      | Found a sparkling altar of Nemelex Xobeh.
  6218 | D:8      | Killed Gastronok
  6218 | D:8      | Reached skill level 7 in Fighting
  6239 | D:8      | Identified the +1 robe of Vumewu {rElec} (You found it on
                  | level 8 of the Dungeon)
  6265 | D:8      | Reached *** piety under Makhleb
  6383 | D:8      | Killed an unseen horror
  6595 | D:8      | Found a stormy altar of Qazlal.
  6737 | D:8      | Found a bloodstained altar of Trog.
  6917 | D:8      | Reached XP level 11. HP: 58/58 MP: 15/15
  7119 | D:9      | Noticed a catoblepas
  7551 | D:9      | Noticed Psyche
  7597 | D:8      | Reached **** piety under Makhleb
  7685 | D:10     | Entered Level 10 of the Dungeon
  7688 | D:10     | Found Comomuxi's Armour Shoppe.
  7726 | D:10     | Found a staircase to the Orcish Mines.
  8094 | D:10     | Noticed a two-headed ogre
  8116 | D:10     | Killed a two-headed ogre
  8571 | D:9      | Killed Psyche
  8739 | D:9      | Killed a catoblepas
  8739 | D:9      | Reached skill level 5 in Invocations
  8986 | D:11     | Noticed a two-headed ogre
  9176 | D:10     | Killed a two-headed ogre
  9237 | D:11     | Reached skill level 8 in Fighting
  9251 | D:10     | Reached skill level 5 in Evocations
  9268 | D:11     | Found a staircase to the Lair.
  9649 | D:11     | Noticed a tengu warrior
  9682 | D:11     | Killed a tengu warrior
  9986 | Lair:1   | Entered Level 1 of the Lair of Beasts
 10360 | Lair:1   | Gained mutation: You heal very quickly. [Vine Stalker
                  | growth]
 10360 | Lair:1   | Reached XP level 12. HP: 65/65 MP: 15/17
 10762 | Lair:1   | Reached skill level 10 in Short Blades
 11058 | Lair:1   | Found a runed translucent gate.
 11058 | Lair:1   | Found a runed translucent gate.
 11058 | Lair:1   | Found a runed translucent gate.
 11060 | Lair:1   | Noticed emiel's ghost (journeyman DDFi)
 11060 | Lair:1   | Noticed bmj180's ghost (journeyman DrCj)
 11483 | Lair:1   | Reached ***** piety under Makhleb
 11525 | Lair:2   | Reached skill level 9 in Fighting
 11563 | Lair:2   | Noticed Erica
 12085 | Lair:2   | Found a staircase to the Snake Pit.
 12615 | Lair:2   | Killed Erica
 12727 | Lair:2   | Noticed a queen ant
 12746 | Lair:2   | Killed a queen ant
 12944 | Lair:2   | Reached XP level 13. HP: 70/70 MP: 19/19
 13791 | Lair:3   | Reached skill level 1 in Dodging
 14040 | Lair:3   | Found a staircase to the Swamp.
 14231 | Lair:4   | Reached skill level 10 in Fighting
 14311 | Lair:4   | Reached skill level 10 in Shields
 15638 | Lair:5   | Reached ****** piety under Makhleb
 15744 | Lair:5   | Found a frozen archway.
 15774 | IceCv    | Entered an ice cave
 16051 | IceCv    | Reached XP level 14. HP: 77/77 MP: 21/21
 16758 | Lair:6   | Entered Level 6 of the Lair of Beasts
 16822 | Lair:6   | Found a viscous altar of Jiyva.
 16878 | Lair:6   | Found a dark tunnel.
 16887 | Volcano  | Entered a volcano
 17259 | Volcano  | Found a bloodstained altar of Trog.
 17268 | Volcano  | Reached skill level 11 in Fighting
 17288 | Volcano  | Reached skill level 5 in Dodging
 17777 | Lair:6   | Found a staircase to the Slime Pits.
 19841 | Lair:2   | Reached skill level 12 in Fighting
 20241 | D:12     | Reached XP level 15. HP: 84/84 MP: 22/22
 20749 | D:12     | Noticed Erolcha
 20762 | D:12     | Killed Erolcha
 21055 | D:13     | You fall into a shaft and drop 2 floors!
 21055 | D:15     | Entered Level 15 of the Dungeon
 21603 | D:13     | Found a gate to the Vaults.
 21603 | D:13     | Noticed Urug
 21603 | D:13     | Noticed Rupert
 22356 | D:14     | Killed Rupert
 22527 | D:13     | Paralysed by a human for 6 turns
 22600 | D:13     | Killed Urug
 23350 | D:15     | Reached skill level 13 in Fighting
 23675 | D:15     | Found Canacaba's Antique Armour Shop.
 23794 | D:15     | Found a staircase to the Depths.
 24027 | Orc:1    | Entered Level 1 of the Orcish Mines
 24036 | Orc:1    | Found an iron altar of Okawaru.
 24129 | D:10     | Reached XP level 16. HP: 68/91 MP: 23/23
 24297 | Orc:1    | Found Rofyim's Jewellery Boutique.
 24564 | Orc:2    | Entered Level 2 of the Orcish Mines
 24565 | Orc:2    | Found a staircase to the Elven Halls.
 24598 | Orc:2    | Found Daarph's Distillery.
 24610 | Orc:2    | Bought a potion of haste for 140 gold pieces
 24610 | Orc:2    | Bought a potion of lignification for 42 gold pieces
 24633 | Orc:2    | Found Giqa Xol's Assorted Antiques.
 24874 | Orc:2    | Found Taaxzuo's Gadget Shop.
 25157 | Orc:2    | Found Fij Voed's Gadget Boutique.
 25198 | Orc:2    | Found an ancient bone altar of Kikubaaqudgha.
 25215 | Orc:2    | Paralysed by an orc sorcerer for 3 turns
 25370 | Orc:2    | Found a radiant altar of Vehumet.
 25403 | Orc:2    | Found Jurreysu's Magic Scroll Shop.
 25411 | Orc:2    | Bought 3 scrolls of blinking for 292 gold pieces
 25438 | Orc:2    | Found a roughly hewn altar of Beogh.
 25438 | Orc:2    | Found Kuckaeqi's Distillery.
 25648 | Orc:2    | Bought a scroll of teleportation for 105 gold pieces
 25785 | Orc:2    | Found Moif's Distillery.
 26120 | Orc:2    | Found Uwaigug's Antique Weapon Boutique.
 26143 | Orc:2    | Bought a translucent rapier for 306 gold pieces
 26143 | Orc:2    | Identified the +9 rapier "Toan" {elec, rElec rF+ Int+4}
                  | (You bought it in a shop on level 2 of the Orcish Mines)
 26394 | Lair:1   | Killed bmj180's ghost
 26408 | Lair:1   | Killed emiel's ghost
 26438 | Lair:1   | Got a fine chain mail
 26449 | Lair:1   | Identified the +5 chain mail of Mankotep {rPois rN+} (You
                  | found it on level 1 of the Lair of Beasts)
 26567 | Orc:1    | Bought the amulet of Noon {RegenMP rF+ Int+7 Dex-3} for 681
                  | gold pieces
 26599 | Orc:2    | Bought an ichor-stained plate armour for 980 gold pieces
 26599 | Orc:2    | Bought a scroll labeled MUH FEFRUGU for 35 gold pieces
 26611 | Orc:2    | Identified the +6 plate armour of Sinen Juf {*Drain rPois
                  | rC+} (You bought it in a shop on level 2 of the Orcish
                  | Mines)
 26725 | Orc:2    | Bought a potion of lignification for 51 gold pieces
 26960 | Swamp:1  | Entered Level 1 of the Swamp
 27365 | Swamp:1  | Found a hide-covered altar of Uskayaw.
 29032 | Swamp:3  | Reached XP level 17. HP: 96/96 MP: 24/24
 29502 | Swamp:4  | Entered Level 4 of the Swamp
 29785 | Swamp:4  | Reached skill level 14 in Fighting
 30271 | Swamp:4  | Got a decaying rune of Zot
 30692 | Snake:1  | Entered Level 1 of the Snake Pit
 30977 | Snake:1  | Found the +8 trident of the Octopus King {venom, rElec
                  | rPois MR+}
 31143 | Snake:1  | Identified the cursed +2 war axe "Pamp" {distort, Str+3
                  | Stlth+}
 31147 | Snake:1  | Noticed a tentacled starspawn
 31150 | Snake:1  | Noticed Flugkiller's ghost (adept DsWr)
 31162 | Snake:1  | Found a transporter.
 31162 | Snake:1  | Noticed a tentacled monstrosity
 31238 | Snake:1  | Found a transporter.
 31246 | Snake:1  | Found a one-way gate to the infinite horrors of the Abyss.
 31835 | Snake:1  | Reached skill level 10 in Armour
 32224 | Snake:2  | Reached skill level 5 in Stealth
 32606 | Snake:3  | Reached XP level 18. HP: 102/102 MP: 25/25
 33099 | Snake:3  | Identified Roxanne's Almanac of Stones
 33099 | Snake:3  | Noticed Roxanne
 33136 | Snake:3  | Killed Roxanne
 33676 | Snake:4  | Entered Level 4 of the Snake Pit
 33903 | Snake:4  | Reached skill level 15 in Shields
 34452 | Snake:4  | Reached skill level 15 in Fighting
 34701 | Snake:4  | Upgraded the game from 0.25-a0-930-g9f5dfa9815 to
                  | 0.25-a0-937-gcfae464cf3
 35229 | Snake:4  | Reached skill level 10 in Invocations
 35247 | Snake:4  | Got a serpentine rune of Zot
 35436 | Vaults:1 | Entered Level 1 of the Vaults
 35532 | Vaults:1 | You fall into a shaft and drop 1 floor!
 35663 | Vaults:2 | Reached XP level 19. HP: 108/108 MP: 27/27
 36558 | Vaults:1 | Identified the +1 pair of gloves "Xyolakiz" {Dex+5 Slay+3}
                  | (You found it on level 1 of the Vaults)
 37871 | Vaults:2 | Reached skill level 16 in Fighting
 38027 | Vaults:2 | Found a staircase to the Crypt.
 38754 | Elf:1    | Entered Level 1 of the Elven Halls
 39539 | Elf:1    | Found Connysur's Jewellery Boutique.
 39540 | Elf:1    | Found Timocz Etia's Gadget Emporium.
 39541 | Elf:1    | Found Ceisoq's Jewellery Boutique.
 39665 | Elf:2    | Got a twitching ivory ring
 39670 | Elf:2    | Identified the ring "Lifu" {Wiz Str+4} (You found it on
                  | level 2 of the Elven Halls)
 39699 | Elf:2    | Found Japperism's Book Shop.
 40013 | Elf:2    | Reached XP level 20. HP: 116/116 MP: 28/28
 40310 | Elf:2    | Found a runed translucent gate.
 40310 | Elf:2    | Found a runed translucent gate.
 40310 | Elf:2    | Found a runed translucent gate.
 40914 | Elf:3    | Entered Level 3 of the Elven Halls
 41184 | Elf:3    | Noticed a Brimstone Fiend
 41327 | Elf:2    | Reached skill level 10 in Dodging
 42184 | Elf:3    | Reached skill level 17 in Fighting
 42226 | Elf:3    | Identified the +6 quarterstaff of Somewhere Else {elec,
                  | rElec rF+++ rN+ Dex-3}
 42384 | Elf:3    | Identified the +0 leather armour of Awostyejy {rC+ MR+
                  | Dex+3}
 42448 | Elf:3    | Identified the +3 plate armour of Ifelisos {Str+3 Slay+2}
 42495 | Elf:3    | Identified the cursed +1 leather armour of Tenacity {rElec
                  | rF+ MR+ Int+2}
 42801 | Elf:3    | Identified the +2 ring mail of Curiosity {*Drain +Inv rElec
                  | rF+++}
 42801 | Elf:3    | Identified the cursed ring "Reoc Hog" {rC- EV-4 Str+4
                  | Int+2}
 42821 | Elf:3    | Identified the +4 pair of boots "Anyumoor" {rC+ Regen+}
                  | (You found it on level 3 of the Elven Halls)
 42883 | Elf:3    | Identified the +4 pair of gloves of Hosefopn {Str+3} (You
                  | found it on level 3 of the Elven Halls)
 42934 | Elf:3    | Reached XP level 21. HP: 121/121 MP: 30/30
 42974 | Elf:3    | Identified Oguimauw's Grimoire of Congealing Changing
 43687 | Orc:2    | Bought a potion of haste for 120 gold pieces
 43687 | Orc:2    | Bought a potion of curing for 36 gold pieces
 43687 | Orc:2    | Bought a potion of magic for 96 gold pieces
 43687 | Orc:2    | Bought a potion of haste for 120 gold pieces
 43687 | Orc:2    | Bought a potion of lignification for 36 gold pieces
 43687 | Orc:2    | Bought a potion of invisibility for 96 gold pieces
 43711 | Orc:2    | Bought a wand of acid (11) for 390 gold pieces
 43711 | Orc:2    | Bought a wand of scattershot (7) for 429 gold pieces
 44285 | Vaults:3 | Found Suhumiri's Antique Armour Shoppe.
 46444 | Vaults:4 | Reached skill level 18 in Fighting
 46763 | Vaults:4 | Reached XP level 22. HP: 128/128 MP: 31/31
 47206 | Vaults:5 | Entered Level 5 of the Vaults
 47206 | Vaults:5 | Noticed an ancient lich
 47418 | Depths:1 | Entered Level 1 of the Depths
 47657 | Depths:1 | Identified the Volume of Heat and Beguiling
 47772 | Depths:1 | Found a gateway to a ziggurat.
 48154 | Depths:1 | Found a gateway to Hell.
 48515 | Depths:2 | Noticed Sojobo
 48611 | Depths:1 | Killed Sojobo
 49272 | Depths:2 | Noticed a caustic shrike
 49286 | Depths:2 | Killed a caustic shrike
 49836 | Depths:2 | Reached XP level 23. HP: 134/134 MP: 32/32
 50114 | Depths:2 | Identified the +5 ice dragon scales of Death Resistance
                  | {rF- rC++ Stlth+} (You found it on level 2 of the Depths)
 50192 | Depths:3 | Reached skill level 19 in Fighting
 50947 | Depths:3 | Found a hazy altar of Hepliaklqana.
 51087 | Depths:3 | Identified a scroll of acquirement
 51087 | Depths:3 | Identified the ring "Xitwej" {*Drain *Slow rN+++ Str+6
                  | Int+3} (You acquired it on level 3 of the Depths)
 51216 | Depths:3 | Noticed Aizul
 51231 | Depths:3 | Killed Aizul
 51413 | Depths:3 | Found a one-way gate leading to the halls of Pandemonium.
 51549 | Depths:4 | Found a transporter.
 51646 | Depths:4 | Noticed a golden dragon
 52015 | Depths:4 | You fall into a shaft and drop 1 floor!
 52015 | Depths:5 | Entered Level 5 of the Depths
 52109 | Depths:5 | Identified the ring of Jasadulo {Ice Int+7 Slay-6 Stlth+}
                  | (You found it on level 5 of the Depths)
 52140 | Depths:5 | Paralysed by a floating eye for 3 turns
 52188 | Depths:5 | Noticed a golden dragon
 52205 | Depths:5 | Killed a golden dragon
 52308 | Depths:5 | Identified the ring of Mufroexe {*Tele +Blink rN+ Dex+3}
                  | (You found it on level 5 of the Depths)
 52377 | Depths:5 | Paralysed by a floating eye for 2 turns
 52400 | Depths:5 | Found a gate to the Realm of Zot.
 52474 | Depths:5 | Reached XP level 24. HP: 142/142 MP: 31/32
 52497 | Depths:5 | Identified the ring "Fisyagio" {AC+3 Int+3} (You found it
                  | on level 5 of the Depths)
 52626 | Depths:5 | Found Uwnulaiw's Assorted Antiques.
 52638 | Depths:5 | Bought a scroll of teleportation for 141 gold pieces
 52638 | Depths:5 | Bought a scroll of blinking for 352 gold pieces
 52689 | Depths:5 | Reached skill level 15 in Armour
 52726 | Depths:5 | Reached skill level 20 in Fighting
 52987 | Depths:5 | Found Qecwoyna's Jewellery Boutique.
 53610 | Depths:4 | Found a transporter.
 53931 | Vaults:5 | Killed an ancient lich
 53949 | Vaults:5 | Reached XP level 25. HP: 149/149 MP: 32/32
 54096 | Vaults:4 | Reached skill level 21 in Fighting
 54619 | Vaults:5 | Identified the ring of Nirin {Ice rPois rN++ Str-5 Slay+2}
                  | (You found it on level 5 of the Vaults)
 54742 | Vaults:5 | Identified the ring of Eryuj {+Inv rPois Str+2 Int+4 Dex+3
                  | Slay+3}
 54777 | Vaults:5 | Identified the ring "Uzorgh" {+Inv +Fly rC+++ rN+ Str-3}
                  | (You found it on level 5 of the Vaults)
 54791 | Vaults:5 | Identified the ring of Dufidghu {*Slow MP+9 Str+5 Stlth+}
 54851 | Vaults:5 | Found the +3 sling "Punk" {acid, rCorr}
 54947 | Vaults:5 | Got a silver rune of Zot
 55042 | Vaults:5 | Found Maoletes's Distillery.
 55042 | Vaults:5 | Found Onoson's Food Shop.
 55046 | Vaults:5 | Bought a potion of cancellation for 160 gold pieces
 55046 | Vaults:5 | Bought a potion of cancellation for 160 gold pieces
 55081 | Vaults:5 | Paralysed by a floating eye for 3 turns
 55809 | Vaults:5 | Found Siuploh's Food Boutique.
 56188 | Depths:5 | Bought a twisted plate armour for 1316 gold pieces
 56188 | Depths:5 | Identified the +3 plate armour of the Tanner {Regen+ rCorr}
                  | (You bought it in a shop on level 5 of the Depths)
 56668 | Vaults:3 | Bought a runed kite shield for 247 gold pieces
 56770 | Crypt:1  | Entered Level 1 of the Crypt
 56776 | Crypt:1  | Reached skill level 22 in Fighting
 57539 | Crypt:2  | Reached XP level 26. HP: 156/156 MP: 32/32
 58189 | Crypt:3  | Entered Level 3 of the Crypt
 58328 | Crypt:3  | Found a staircase to the Tomb.
 59200 | Crypt:3  | Identified the ring "Citz" {+Fly rPois Str-4 SInv Stlth+}
                  | (You found it on level 3 of the Crypt)
 59976 | Crypt:3  | Identified the ring "Exzi" {rC+ MR+ Str+6 Slay+2} (You
                  | found it on level 3 of the Crypt)
 60025 | Crypt:3  | Noticed an ancient lich
 60039 | Crypt:3  | Killed an ancient lich
 60046 | Crypt:3  | Identified the amulet "Pioxt" {+Rage rF- rN+++ Str-4 Int+2}
                  | (You found it on level 3 of the Crypt)
 60076 | Crypt:3  | Identified the +5 dagger "Ropeh" {vorpal, rPois rC+ Str-4}
                  | (You found it on level 3 of the Crypt)
 60395 | Orc:2    | Bought a potion of mutation for 112 gold pieces
 60459 | Orc:2    | Bought a potion of mutation for 96 gold pieces
 60459 | Orc:2    | Bought a potion of ambrosia for 96 gold pieces
 60459 | Orc:2    | Bought a potion of mutation for 96 gold pieces
 60509 | Orc:2    | Bought a potion of might for 68 gold pieces
 60509 | Orc:2    | Bought a potion of resistance for 170 gold pieces
 60509 | Orc:2    | Bought a potion of haste for 170 gold pieces
 60509 | Orc:2    | Bought a potion of lignification for 51 gold pieces
 60509 | Orc:2    | Bought a potion of ambrosia for 136 gold pieces
 60509 | Orc:2    | Bought a potion of curing for 51 gold pieces
 60509 | Orc:2    | Bought a potion of haste for 170 gold pieces
 60509 | Orc:2    | Bought a potion of might for 68 gold pieces
 60864 | Zot:1    | Entered Level 1 of the Realm of Zot
 61112 | Zot:1    | Reached skill level 23 in Fighting
 61183 | Zot:1    | Found a transporter.
 61229 | Zot:1    | Found the +0 mask of the Dragon {MR+ Slay+3 SInv}
 61421 | Zot:1    | Reached XP level 27. HP: 164/164 MP: 32/33
 62246 | Zot:1    | Found a transporter.
 62378 | Zot:1    | HP: 8/164 [golden dragon (13)]
 62378 | Zot:1    | Slain by a golden dragon

Levels and vault maps discovered:
D:1:      dpeg_arrival_simpleton_c, layout_basic, minmay_misc_feat_roman
D:2:      layout_loops_cross
D:3:      layout_basic, nrook_mini_vaults
D:4:      layout_loops_corners, minmay_temple_entry_statues_fountains,
          first_ration, kennysheep_cross_bottleneck, grunt_decor_resistance
D:5:      layout_gridville, nicolae_ossuary_entry_monument, serial_shops,
          shop_fountains, nicolae_alphabet_shops, kennysheep_minor_cross,
          minivault_5, serial_park_tiny_pond, chequers_garden
D:6:      layout_loops_cross, nicolae_evil_shop
D:7:      layout_cave_pools, gammafunk_temple_overflow_elements,
          chequers_serial_rivers_micro_a
D:8:      minmay_curly_fans, layout_basic, grunt_qazlal_sundering,
          nemelex_xobeh_ov_fountains_minmay, grunt_ogre_cave, bloody_trog,
          uniq_gastronok, uniq_grum
D:9:      layout_cave_pods, uniq_psyche
D:10:     layout_long_grid, orc_david_3
D:11:     layout_cave_pools, david_lair_generic
D:12:     layout_roguey, uniq_erolcha
D:13:     layout_rooms, david_vaults_3
D:14:     layout_long_grid, minmay_crystal_room
D:15:     gammafunk_enter_depths_forms, layout_rooms,
          chequers_serial_rivers_micro_e, serial_shops, nicolae_shop_crystal
Temple:   nicolae_temple_no_exploring_needed
Lair:1:   layout_regular_city, gammafunk_ghost_cemetery,
          cheibrodos_lair_reptile_den
Lair:2:   layout_gridlike, minmay_snake_entry_guardpost_small,
          gauntlet_entry_generic, zaba_antful_of_joy, minmay_lair_oklob_chamber,
          uniq_erica
Lair:3:   layout_loops_ring, swamp_mist, grunt_forest_large_clearing_hut,
          serial_bayou_shore_b, grunt_megastairs_5
Lair:4:   minmay_lair_oklob_tunnel, layout_cave_shapes
Lair:5:   layout_loops_ring, portal_ice_cave_entry_imps,
          grunt_forest_large_clearings, serial_bayou_shore_a, uniq_rupert
Lair:6:   due_jungle_book, layout_cave_pods, dpeg_slime_entry_enclosed_altar,
          nicolae_volcano_entry_two_sided
Swamp:1:  layout_falls_marsh, basic_altar, infiniplex_staircase_pool_2
Swamp:2:  layout_basic_swamp, evilmike_swamp_ruin_house_4
Swamp:3:  layout_falls_marsh, evilmike_swamp_ruin_house_2
Swamp:4:  swamp, layout_basic_swamp
Snake:1:  layout_onion, gammafunk_ghost_abyssal_escape, grunt_ministairs_12,
          serial_bayou_shore_b
Snake:2:  layout_grid_shapes
Snake:3:  layout_chambers, uniq_roxanne
Snake:4:  grunt_snake_rune_serpentine_throne, layout_cave_town,
          grunt_ministairs_8, grunt_megastairs_2, serial_bayou_shore_b,
          lemuel_fruit_tree
Orc:1:    layout_caves, serial_shops, nicolae_shop_trees,
          okawaru_metal_pillars_1_2
Orc:2:    kennysheep_orc_mage_school, layout_diamond_mine, serial_shops,
          shop_coins, shop_statue, nicolae_shop_temple_entry_statues_fountains,
          nicolae_shop_trees
Elf:1:    eino_elf_arrival_sip, layout_gridlike, evilmike_minifort,
          minmay_shop_grove
Elf:2:    layout_geoelf_grid, serial_shops, shop
Elf:3:    minmay_elf_hall_spiked, layout_gridlike, hangedman_elven_ridges,
          minivault_25, grunt_ministairs_12, drop_trap, minivault_11
Vaults:1: v_pattern_5, nicolae_vaults_shelves_hall,
          ontoclasm_vaults_claustrophobia, hangedman_vaults_stretched_pinwheel,
          v_misc_24, v_misc_9, grunt_vaults_focal,
          ontoclasm_vaults_loading_screen, layout_vaults_quadrants
Vaults:2: nicolae_vaults_diagonal_hallway_9, hangedman_vaults_corner_blocks,
          vaults_dpeg_diagonal, grunt_vaults_hallway_short,
          ontoclasm_vaults_decontamination, minmay_crypt_entry_simple_corners,
          nicolae_vaults_hallways_thing, hangedman_vaults_pinch,
          vaults_room_door_hall, vaults_room_fours, hangedman_vaults_variations,
          v_misc_5, ontoclasm_vaults_spin, nicolae_vaults_theta,
          grunt_vaults_hallway_short, vaults_room_large_hall, vaults_dpeg_cross,
          layout_vaults_maze_snakey
Vaults:3: nicolae_vaults_c_with_doors, nicolae_vaults_network_quincunx
          [nicolae_vaults_network_quincunx_subvault,
          nicolae_vaults_network_quincunx_subvault,
          nicolae_vaults_network_quincunx_subvault,
          nicolae_vaults_network_quincunx_subvault,
          nicolae_vaults_network_quincunx_subvault],
          nicolae_vaults_big_angled_halls, nicolae_vaults_little_squares_2,
          v_misc_10, nicolae_vaults_little_squares_2, nicolae_vaults_alarming,
          v_alt_pattern_5, nicolae_vaults_little_squares_4, vaults_room_pool,
          hangedman_vaults_trim, layout_vaults_omnicross, serial_shops,
          nicolae_shop_behind_doors
Vaults:4: hangedman_vaults_cutoff, v_misc_17, ontoclasm_vaults_shout,
          vaults_room_door_hall, vaults_room_large_hall,
          vaults_mumra_chevron_long, grunt_vaults_twisty,
          hangedman_vaults_cutoff, nicolae_vaults_network_periphery,
          serial_ice_b, vaults_room_pool, layout_vaults_omnibox
Vaults:5
Crypt:1:  layout_basic
Crypt:2:  layout_rooms, minmay_misc_feat_cross
Crypt:3:  due_elkab, layout_chaotic_city
Depths:1: layout_honeycomb, enter_ziggurat_e, abyss_entry_crystal,
          pf_dread_powers_of_hell, st_stairs_8, minmay_misc_feat_plants,
          minmay_starry_boxes
Depths:2: hangedman_cross_cluster, layout_honeycomb, lightli_too_deep,
          abyss_entry, minmay_misc_feat_rugged, serial_bayou_shore_b,
          uniq_sojobo
Depths:3: kennysheep_ambush_hall, layout_basic, lemuel_statue_altar,
          grunt_pan_entry_sceptre, hell_entry, uniq_aizul
Depths:4: gammafunk_jiyva_shrine, layout_cave_pools, pan_entry,
          hangedman_coc_ice_floe, serial_sigils, serial_sigils_hangedman_gut,
          serial_sigils_hangedman_quiver, serial_sigils_hangedman_confine,
          serial_sigils_hangedman_etch, serial_sigils_hangedman_snap,
          hangedman_abyss_entry_splay, minmay_staircase_windowed_small
Depths:5: hangedman_spin_cycle, hell_entry
Zot:1:    minmay_elemental_castle, layout_twisted_circle,
          chequers_guarded_unrand_mask_of_the_dragon

Skill      XL: |  1  2  3  4  5  6  7  8  9 10 11 12 13 14 15 16 17 18 19 20 21 22 23 24 25 26 |
---------------+-------------------------------------------------------------------------------+-----
Short Blades   | 2 3 4 5 6 8 9 11 12 13 14 | 14.0
Fighting       | 3 4 5 6 7 8 9 10 12 13 14 15 16 17 18 19 20 22 23 | 23.2
Shields        | 3 4 5 6 7 8 9 10 11 13 14 15 16 17 19 20 21 | 21.4
Armour         | 3 4 5 8 9 10 11 12 13 14 15 | 15.5
Stealth        | 3 5 6 9 |  9.0
Evocations     | 1 3 5 7 9 |  9.0
Invocations    | 1 4 6 7 8 10 11 12 | 12.2
Dodging        | 4 6 7 9 10 11 | 11.0

Action                   |  1- 3 |  4- 6 |  7- 9 | 10-12 | 13-15 | 16-18 | 19-21 | 22-24 | 25-27 || total
-------------------------+-------+-------+-------+-------+-------+-------+-------+-------+-------++-------
Melee: Rapier            |    80 |       |       |       |       |  1592 |  1682 |  1696 |  1577 ||  6627
       Bite              |    36 |    44 |   128 |   552 |  1590 |   813 |   799 |   867 |   861 ||  5690
       Short sword       |    41 |   151 |   357 |   284 |   907 |    90 |       |       |       ||  1830
       Dagger            |       |       |     9 |   938 |  2125 |   315 |       |       |       ||  3387
Throw: Dart              |       |       |       |     4 |     1 |     3 |     3 |     1 |       ||    12
Invok: Lesser Servant of |       |       |       |     7 |     4 |    15 |       |     3 |     2 ||    31
       Greater Servant o |       |       |       |       |       |       |       |       |     4 ||     4
Evoke: Wand              |       |       |       |    10 |     2 |       |    19 |    12 |       ||    43
  Use: Scroll            |       |     8 |     4 |     8 |    11 |     8 |     6 |     9 |    26 ||    80
       Potion            |       |       |       |     2 |       |       |       |     2 |     3 ||     7
 Stab: Confused          |       |       |       |     3 |     1 |     1 |       |       |       ||     5
       Sleeping          |       |       |       |     1 |     2 |       |       |       |       ||     3
       Distracted        |       |       |       |     5 |     3 |     5 |       |     3 |     2 ||    18
  Eat: Chunk             |     1 |     6 |    10 |    16 |    42 |    27 |    19 |    11 |     8 ||   140
       Ration            |       |       |       |     2 |     3 |     1 |     5 |     4 |     8 ||    23
Armor: Scale mail        |    45 |    54 |    47 |    84 |       |       |       |       |       ||   230
       Ring mail         |       |       |    81 |    51 |       |       |       |       |       ||   132
       Skin              |       |       |       |    48 |       |       |       |       |       ||    48
       Leather armour    |       |       |       |   169 |   187 |       |       |       |       ||   356
       Plate armour      |       |       |       |       |   131 |   827 |   314 |   502 |   215 ||  1989
       Chain mail        |       |       |       |       |   341 |       |       |       |       ||   341
       Gold dragon scale |       |       |       |       |       |       |       |       |   466 ||   466
Dodge: Dodged            |    25 |    28 |    89 |   231 |   566 |   502 |   417 |   531 |   419 ||  2808
Block: Kite shield       |    55 |    51 |   181 |   514 |  1267 |  1212 |   682 |   850 |   973 ||  5785

Table legend:
 A = Non-vault XP
 B = Vault XP
 C = Vault XP percentage of total XP
 D = Non-vault monster count
 E = Vault monster count
 F = Vault count percentage of total count
                 A         B        C        D         E       F
            +---------+---------+-------+---------+---------+-------
      Total |  643911 |  639458 |  49.8 |    1359 |     814 |  37.5
            +---------+---------+-------+---------+---------+-------
        D:1 |      38 |       0 |   0.0 |      19 |       0 |   0.0
        D:2 |      96 |       0 |   0.0 |      35 |       0 |   0.0
        D:3 |      86 |       0 |   0.0 |      17 |       0 |   0.0
        D:4 |     402 |       0 |   0.0 |      18 |       0 |   0.0
        D:5 |     639 |       0 |   0.0 |      18 |       0 |   0.0
        D:6 |    1590 |       0 |   0.0 |      28 |       0 |   0.0
        D:7 |    1021 |       0 |   0.0 |      19 |       0 |   0.0
        D:8 |    1730 |    3930 |  69.4 |      28 |       9 |  24.3
        D:9 |    1025 |     424 |  29.3 |      11 |       1 |   8.3
       D:10 |    4334 |     203 |   4.5 |      31 |       9 |  22.5
       D:11 |    1853 |    1280 |  40.9 |      18 |       4 |  18.2
       D:12 |    8892 |    1014 |  10.2 |      32 |       1 |   3.0
       D:13 |    3896 |    2821 |  42.0 |      24 |      13 |  35.1
       D:14 |   12212 |    4144 |  25.3 |      33 |       7 |  17.5
       D:15 |    5088 |    4259 |  45.6 |      19 |      10 |  34.5
     Lair:1 |    5874 |    2674 |  31.3 |      29 |       4 |  12.1
     Lair:2 |    4980 |    4824 |  49.2 |      30 |      36 |  54.5
     Lair:3 |    7211 |    1463 |  16.9 |      11 |       4 |  26.7
     Lair:4 |    5560 |    2314 |  29.4 |      19 |       5 |  20.8
     Lair:5 |    3754 |    4417 |  54.1 |      14 |      42 |  75.0
     Lair:6 |   17380 |       0 |   0.0 |      47 |       0 |   0.0
    Swamp:1 |   11791 |       0 |   0.0 |      26 |       0 |   0.0
    Swamp:2 |   20291 |       0 |   0.0 |      55 |       0 |   0.0
    Swamp:3 |   11257 |    2973 |  20.9 |      38 |       4 |   9.5
    Swamp:4 |   10859 |   14242 |  56.7 |      21 |      22 |  51.2
    Snake:1 |   14405 |     674 |   4.5 |      30 |       2 |   6.2
    Snake:2 |   14575 |       0 |   0.0 |      25 |       0 |   0.0
    Snake:3 |    5392 |    2451 |  31.3 |      13 |       4 |  23.5
    Snake:4 |   19883 |   39025 |  66.2 |      29 |      69 |  70.4
      Orc:1 |    4469 |       0 |   0.0 |      21 |       0 |   0.0
      Orc:2 |     909 |    6609 |  87.9 |      17 |      32 |  65.3
      Elf:1 |   12854 |    1674 |  11.5 |      22 |       3 |  12.0
      Elf:2 |   19742 |   26085 |  56.9 |      34 |      29 |  46.0
      Elf:3 |   16391 |   47179 |  74.2 |      27 |      33 |  55.0
   Vaults:1 |   11538 |   12132 |  51.3 |      27 |      17 |  38.6
   Vaults:2 |   19065 |   16070 |  45.7 |      50 |      25 |  33.3
   Vaults:3 |   13985 |   22291 |  61.4 |      34 |      40 |  54.1
   Vaults:4 |   40820 |   45110 |  52.5 |      59 |      45 |  43.3
   Vaults:5 |   28910 |  127104 |  81.5 |      42 |      88 |  67.7
    Crypt:1 |    9520 |       0 |   0.0 |      20 |       0 |   0.0
    Crypt:2 |   40647 |       0 |   0.0 |      47 |       0 |   0.0
    Crypt:3 |   22029 |   50672 |  69.7 |      30 |      58 |  65.9
   Depths:1 |   15588 |   13363 |  46.2 |      21 |      10 |  32.3
   Depths:2 |   47961 |   37345 |  43.8 |      63 |      30 |  32.3
   Depths:3 |   40258 |   12971 |  24.4 |      44 |      23 |  34.3
   Depths:4 |   49788 |     854 |   1.7 |      38 |       1 |   2.6
   Depths:5 |    4349 |  105631 |  96.0 |       2 |      99 |  98.0
      Zot:1 |   48974 |   11286 |  18.7 |      24 |       7 |  22.6
      IceCv |       0 |    3119 | 100.0 |       0 |      11 | 100.0
    Volcano |       0 |    6831 | 100.0 |       0 |      17 | 100.0
            +---------+---------+-------+---------+---------+-------
